Lightning vs Flyers
Created - February 5, 2018 at 19:11
Goals
|
| Lightning |
3 |
2 |
0 |
5 |
| Flyers |
3 |
1 |
2 |
6 |
|
Shots
|
| Lightning |
10 |
15 |
10 |
35 |
| Flyers |
12 |
7 |
17 |
36 |
|
1st period
1. Lightning , Robert Nilsson 25 (Kris Versteeg 16) at 0:10
2. Flyers , Mats Zuccarello 12 (Drew Miller 18, Jeff Woywitka 20) at 3:09
3. Lightning , Brent Burns 5 (Henrik Zetterberg 40, Robert Nilsson 27) at 6:01 (PP)
4. Lightning , Kris Versteeg 15 (Henrik Zetterberg 41, Robert Nilsson 28) at 6:17
5. Flyers , Chris Kreider 22 (Wayne Simmonds 13) at 10:37
6. Flyers , Chris Kreider 23 (Jeff Carter 35, Wayne Simmonds 14) at 17:49
Penalties :
Wayne Simmonds (Phi) for Slashing (Minor) at 5:45, Sheldon Keefe (TB.) for Tripping (Minor) at 7:27
2nd period
7. Lightning , Robert Nilsson 26 (Henrik Zetterberg 42) at 6:41
8. Flyers , Kyle Wellwood 13 (Dany Heatley 15, Jakub Voracek 31) at 7:22
9. Lightning , Kris Versteeg 16 (Henrik Zetterberg 43, Robert Nilsson 29) at 7:32
Penalties :
Henrik Zetterberg (TB.) for Holding (Minor) at 0:19, Kris Versteeg (TB.) for Tripping (Minor) at 2:56, Sheldon Keefe (TB.) for Roughing (Minor) at 17:49
3rd period
10. Flyers , Jeff Carter 31 (Oliver Ekman-Larsson 11) at 7:40
11. Flyers , Matthew Lombardi 8 (Rostislav Olesz 10, Alexei Morozov 18) at 9:39
Penalties :
Jakub Voracek (Phi) for Roughing (Double Minor) at 2:04, John Carlson (TB.) for Interference (Minor) at 4:18
Goalie Stats
Jaroslav Halak (TB.), 30 saves from 36 shots - (0.833), L, 18-19-5, 58:45 minutes
Steve Mason (Phi), 30 saves from 35 shots - (0.857), W, 13-5-2, 60:00 minutes
Players Stats for Lightning
Player Name G A P +/- PIM S H SB GA TA FO MP PP MP PK MP
------------------------------------------------------------------------------------
Andy Rogers 0 0 0 0 0 1 0 0 0 0 0/0 10:52 0:00 0:00
Brent Burns 1 0 1 -2 0 1 3 0 1 0 0/0 26:47 1:21 5:01
Daniel Carcillo 0 0 0 -4 0 1 1 0 0 0 1/1 17:24 1:10 1:29
Danny Richmond 0 0 0 0 0 1 1 1 1 1 0/0 21:05 1:09 3:09
Davis Drewiske 0 0 0 0 0 0 0 0 0 0 0/0 2:01 0:00 0:00
Henrik Zetterberg 0 4 4 2 2 7 3 0 0 1 5/12 26:26 1:20 3:10
Jeff Schultz 0 0 0 -2 0 1 1 0 0 2 0/0 28:48 1:21 5:01
John Carlson 0 0 0 0 2 0 0 1 0 1 0/0 19:30 1:08 3:07
Jordan Nolan 0 0 0 0 0 3 0 0 2 0 3/7 13:35 0:00 1:57
Justin Schultz 0 0 0 0 0 5 1 1 0 1 0/0 11:10 0:00 0:02
Kris Versteeg 2 1 3 3 2 4 1 1 1 1 3/3 19:39 1:20 1:19
Loui Eriksson 0 0 0 0 0 1 0 0 0 0 0/1 11:37 0:00 0:09
Pierre-Luc Létourneau 0 0 0 -1 0 0 0 0 0 0 0/0 4:36 0:00 0:00
Pierre-Marc Bouchard 0 0 0 -4 0 1 2 0 0 0 7/13 18:59 1:10 2:15
Reilly Smith 0 0 0 -1 0 0 0 0 0 0 0/0 4:49 0:00 0:00
Robert Nilsson 2 3 5 3 0 3 3 0 1 1 15/35 23:25 1:20 4:30
Sheldon Keefe 0 0 0 0 4 3 5 1 0 0 0/3 13:21 0:00 1:31
Steve Bernier 0 0 0 -4 0 3 4 0 1 0 0/0 15:56 1:10 0:00
Players Stats for Flyers
Player Name G A P +/- PIM S H SB GA TA FO MP PP MP PK MP
------------------------------------------------------------------------------------
Alexei Morozov 0 1 1 1 0 1 0 0 1 0 0/0 6:42 0:08 0:00
Chris Kreider 2 0 2 -1 0 7 3 0 1 0 0/1 21:27 4:20 0:11
Dany Heatley 0 1 1 1 0 2 3 0 1 2 0/1 18:50 3:42 0:00
Drew Miller 0 1 1 1 0 0 1 0 0 0 0/0 11:21 0:08 0:00
Jakub Voracek 0 1 1 1 4 2 0 0 1 0 1/3 16:57 3:45 0:00
Jeff Carter 1 1 2 -1 0 6 2 0 2 0 20/38 21:39 4:28 0:00
Jeff Woywitka 0 1 1 -3 0 0 1 4 0 2 0/0 26:07 4:28 0:50
Jonathan Ericsson 0 0 0 -3 0 0 1 0 0 0 0/0 25:34 4:30 0:50
Kyle Wellwood 1 0 1 1 0 2 4 1 0 0 9/13 17:55 3:42 0:37
Marcus Kruger 0 0 0 1 0 3 0 0 0 0 2/5 10:58 0:00 0:11
Mats Zuccarello 1 0 1 1 0 4 1 1 1 1 1/1 10:47 0:00 0:00
Matt Smaby 0 0 0 1 0 1 0 1 0 1 0/0 12:43 0:00 0:00
Matthew Lombardi 1 0 1 1 0 2 0 0 0 0 6/8 9:11 0:00 1:42
Nathan Paetsch 0 0 0 1 0 0 1 1 0 0 0/0 12:43 0:00 0:00
Oliver Ekman-Larsson 0 1 1 4 0 3 3 2 0 1 0/0 21:43 3:40 1:40
Rostislav Olesz 0 1 1 1 0 1 1 0 0 0 0/1 8:02 0:00 1:42
Stephane Robidas 0 0 0 4 0 0 1 0 0 0 0/0 21:10 3:42 1:40
Wayne Simmonds 0 2 2 -1 2 2 0 2 1 0 2/4 21:54 4:17 0:37
3 Stars
1 - Robert Nilsson (TB.)
2 - Kris Versteeg (TB.)
3 - Henrik Zetterberg (TB.)
Power Play
Lightning - 1 on 3 Attempt(s) - 33.33%
Flyers - 0 on 5 Attempt(s) - 0.00%
Penalty Kill
Lightning - 5 on 5 Attempt(s) - 100.00%
- Score 0 goal in Penalty Kill
Flyers - 2 on 3 Attempt(s) - 66.67%
- Score 0 goal in Penalty Kill
Team Stat
Lightning - Hits : 25 - Faceoff Wins : 34 - Blocked Shots : 5 - Penalty Minutes : 10
Flyers - Hits : 22 - Faceoff Wins : 41 - Blocked Shots : 12 - Penalty Minutes : 6
Official
Referees : Marouelli Dan and VanMassenhoven Don
Linesman : Brian Mach and Michel Cormier
Game Notes
No Game Note
Finance
Level 1 -- Attendance: 5688 (94.80%) -- Ticket Income $511,920
Level 2 -- Attendance: 5000 (100.00%) -- Ticket Income $275,000
Level 3 -- Attendance: 1971 (98.55%) -- Ticket Income $68,985
Level 4 -- Attendance: 4000 (100.00%) -- Ticket Income $100,000
Luxury Box -- Attendance: 787 (78.70%) -- Ticket Income $129,855
Game was played at the Wells Fargo Center.
Total Attendance: 17446 (96.92%)
Total Ticket Income: $1,085,760
Other Income: $162,864
Total Income: $1,248,624
Lightning
5 vs 5 Forward
Center Left Wing Right Wing Time % Phy DF OF
1 Robert Nilsson Henrik Zetterberg Kris Versteeg 40 1 2 2
2 Pierre-Marc Bouchard Daniel Carcillo Steve Bernier 30 1 2 2
3 Jordan Nolan Loui Eriksson Sheldon Keefe 20 1 2 2
4 Henrik Zetterberg Pierre-Luc Létourneau Reilly Smith 10 1 2 2
5 vs 5 Defense
Defense Defense Time % Phy DF OF
1 Jeff Schultz Brent Burns 40 1 2 2
2 John Carlson Danny Richmond 30 1 2 2
3 Andy Rogers Justin Schultz 20 1 2 2
4 Davis Drewiske Jeff Schultz 10 1 2 2
PowerPlay Forward
Center Left Wing Right Wing Time % Phy DF OF
1 Robert Nilsson Henrik Zetterberg Kris Versteeg 60 1 2 2
2 Pierre-Marc Bouchard Daniel Carcillo Steve Bernier 40 1 2 2
PowerPlay Defense
Defense Defense Time % Phy DF OF
1 Jeff Schultz Brent Burns 60 1 2 2
2 John Carlson Danny Richmond 40 1 2 2
Penalty Kill 4 Players Forward
Center Wing Time % Phy DF OF
1 Henrik Zetterberg Robert Nilsson 60 1 2 2
2 Kris Versteeg Pierre-Marc Bouchard 40 1 2 2
Penalty Kill 4 Players Defense
Defense Defense Time % Phy DF OF
1 Jeff Schultz Brent Burns 60 1 2 2
2 John Carlson Danny Richmond 40 1 2 2
Penalty Kill - 3 Players Forward
Forward Time % Phy DF OF
1 Henrik Zetterberg 60 1 2 2
2 Robert Nilsson 40 1 2 2
Penalty Kill - 3 Players Defense
Defense Defense Time % Phy DF OF
1 Jeff Schultz Brent Burns 60 1 2 2
2 John Carlson Danny Richmond 40 1 2 2
4 vs 4 Forward
Center Wing Time % Phy DF OF
1 Henrik Zetterberg Robert Nilsson 60 1 2 2
2 Kris Versteeg Pierre-Marc Bouchard 40 1 2 2
4 vs 4 Defense
Defense Defense Time % Phy DF OF
1 Jeff Schultz Brent Burns 60 1 2 2
2 John Carlson Danny Richmond 40 1 2 2
Last Minutes Offensive
Center Left Wing Right Wing Defense Defense
Robert Nilsson Henrik Zetterberg Kris Versteeg Jeff Schultz Brent Burns
Last Minutes Defensive
Center Left Wing Right Wing Defense Defense
Robert Nilsson Henrik Zetterberg Kris Versteeg Jeff Schultz Brent Burns
Goaltenders
Starting : Jaroslav Halak
Backup : Adam Munro
Extra Forwards
Normal : Jordan Nolan, Loui Eriksson, Sheldon Keefe - PP : Jordan Nolan, Loui Eriksson - PK : Sheldon Keefe
Extra Defensemen
Normal : Andy Rogers, Justin Schultz, Davis Drewiske - PP : Andy Rogers - PK : Justin Schultz, Davis Drewiske
Penalty Shots
Henrik Zetterberg, Robert Nilsson, Kris Versteeg, Pierre-Marc Bouchard, Jordan Nolan
Scratches
Mikael Backlund (Healthy)
Flyers
5 vs 5 Forward
Center Left Wing Right Wing Time % Phy DF OF
1 Jeff Carter Chris Kreider Wayne Simmonds 40 1 1 3
2 Kyle Wellwood Dany Heatley Jakub Voracek 30 0 1 4
3 Marcus Kruger Drew Miller Mats Zuccarello 20 0 2 3
4 Matthew Lombardi Rostislav Olesz Alexei Morozov 10 0 3 2
5 vs 5 Defense
Defense Defense Time % Phy DF OF
1 Jonathan Ericsson Jeff Woywitka 40 0 2 3
2 Stephane Robidas Oliver Ekman-Larsson 30 0 2 3
3 Nathan Paetsch Matt Smaby 20 0 3 2
4 Oliver Ekman-Larsson Jeff Woywitka 10 0 2 3
PowerPlay Forward
Center Left Wing Right Wing Time % Phy DF OF
1 Jeff Carter Chris Kreider Wayne Simmonds 60 1 0 4
2 Kyle Wellwood Dany Heatley Jakub Voracek 40 0 0 5
PowerPlay Defense
Defense Defense Time % Phy DF OF
1 Jeff Woywitka Jonathan Ericsson 60 0 2 3
2 Stephane Robidas Oliver Ekman-Larsson 40 0 2 3
Penalty Kill 4 Players Forward
Center Wing Time % Phy DF OF
1 Matthew Lombardi Rostislav Olesz 60 0 5 0
2 Kyle Wellwood Wayne Simmonds 40 0 3 2
Penalty Kill 4 Players Defense
Defense Defense Time % Phy DF OF
1 Oliver Ekman-Larsson Stephane Robidas 60 0 5 0
2 Jeff Woywitka Jonathan Ericsson 40 0 5 0
Penalty Kill - 3 Players Forward
Forward Time % Phy DF OF
1 Matthew Lombardi 60 0 5 0
2 Kyle Wellwood 40 0 3 2
Penalty Kill - 3 Players Defense
Defense Defense Time % Phy DF OF
1 Oliver Ekman-Larsson Stephane Robidas 60 0 5 0
2 Jeff Woywitka Jonathan Ericsson 40 0 5 0
4 vs 4 Forward
Center Wing Time % Phy DF OF
1 Jeff Carter Chris Kreider 60 1 1 3
2 Kyle Wellwood Dany Heatley 40 0 1 4
4 vs 4 Defense
Defense Defense Time % Phy DF OF
1 Stephane Robidas Jonathan Ericsson 60 0 3 2
2 Jonathan Ericsson Jeff Woywitka 40 0 3 2
Last Minutes Offensive
Center Left Wing Right Wing Defense Defense
Jeff Carter Dany Heatley Jakub Voracek Jonathan Ericsson Jeff Woywitka
Last Minutes Defensive
Center Left Wing Right Wing Defense Defense
Matthew Lombardi Dany Heatley Wayne Simmonds Jonathan Ericsson Jeff Woywitka
Goaltenders
Starting : Steve Mason
Backup : Cory Schneider
Extra Forwards
Normal : Chris Kreider, Dany Heatley, Jakub Voracek - PP : Chris Kreider, Dany Heatley - PK : Matthew Lombardi
Extra Defensemen
Normal : Oliver Ekman-Larsson, Stephane Robidas, Jeff Woywitka - PP : Jeff Woywitka - PK : Oliver Ekman-Larsson, Jeff Woywitka
Penalty Shots
Chris Kreider, Kyle Wellwood, Dany Heatley, Alexei Morozov, Jakub Voracek
Scratches
None
% Time on Ice - Lightning
Lines # - Real PCT - Wanted PCT - Time Play
Normal Forward
1 - 33% - 40% - 15:26
2 - 33% - 30% - 15:24
3 - 24% - 20% - 11:06
4 - 10% - 10% - 4:36
Normal Defense
1 - 41% - 40% - 19:18
2 - 32% - 30% - 15:06
3 - 22% - 20% - 10:07
4 - 4% - 10% - 2:01
PP Forward
1 - 53% - 60% - 1:20
2 - 47% - 40% - 1:10
PP Defense
1 - 54% - 60% - 1:21
2 - 46% - 40% - 1:09
PK Forward
1 - 75% - 60% - 6:08
2 - 25% - 40% - 2:02
PK Defense
1 - 61% - 60% - 5:01
2 - 39% - 40% - 3:09
PK3 Forward
1 - 0% - 60%
2 - 0% - 40%
PK3 Defense
1 - 0% - 60%
2 - 0% - 40%
44 Forward
1 - 73% - 60% - 1:17
2 - 27% - 40% - 0:28
44 Defense
1 - 57% - 60% - 1:00
2 - 43% - 40% - 0:45
Last Minute Offensive - 1:03
Last Minute Defensive - 0:00
Total
Forward - 60:00
Defense - 60:00
|
% Time on Ice - Flyers
Lines # - Real PCT - Wanted PCT - Time Play
Normal Forward
1 - 35% - 40% - 16:06
2 - 28% - 30% - 13:13
3 - 23% - 20% - 10:47
4 - 14% - 10% - 6:20
Normal Defense
1 - 40% - 40% - 18:22
2 - 30% - 30% - 14:03
3 - 27% - 20% - 12:43
4 - 3% - 10% - 1:18
PP Forward
1 - 55% - 60% - 4:28
2 - 45% - 40% - 3:42
PP Defense
1 - 55% - 60% - 4:30
2 - 45% - 40% - 3:40
PK Forward
1 - 75% - 60% - 1:53
2 - 25% - 40% - 0:37
PK Defense
1 - 67% - 60% - 1:40
2 - 33% - 40% - 0:50
PK3 Forward
1 - 0% - 60%
2 - 0% - 40%
PK3 Defense
1 - 0% - 60%
2 - 0% - 40%
44 Forward
1 - 78% - 60% - 1:22
2 - 22% - 40% - 0:23
44 Defense
1 - 70% - 60% - 1:14
2 - 30% - 40% - 0:31
Last Minute Offensive - 0:00
Last Minute Defensive - 1:09
Total
Forward - 60:00
Defense - 60:00
|
Play by Play
1st period
0:01 of 1st period - Robert Nilsson wins face-off versus Jeff Carter in neutral zone.
0:08 of 1st period - Snap shot by Kris Versteeg.
0:08 of 1st period - Shot Blocked by Jeff Woywitka.
0:10 of 1st period - Slapshot by Robert Nilsson.
0:10 of 1st period - Goal by Robert Nilsson - Lightning : 1 - Flyers : 0.
0:11 of 1st period - Pierre-Marc Bouchard wins face-off versus Jakub Voracek in neutral zone.
0:14 of 1st period - Oliver Ekman-Larsson is hit by Steve Bernier and loses puck.
0:25 of 1st period - Snap shot by Jakub Voracek.
0:25 of 1st period - Shot Misses the Net.
1:21 of 1st period - Off-side.
1:22 of 1st period - Pierre-Marc Bouchard wins face-off versus Rostislav Olesz in neutral zone.
1:48 of 1st period - Jonathan Ericsson is hit by Robert Nilsson and loses puck.
1:55 of 1st period - Snap shot by Kris Versteeg.
1:55 of 1st period - Shot Misses the Net.
1:57 of 1st period - Slapshot by Andy Rogers.
1:57 of 1st period - Stopped by Steve Mason without a rebound.
1:58 of 1st period - Jeff Carter wins face-off versus Henrik Zetterberg in Flyers zone.
2:31 of 1st period - Wrist shot by Kyle Wellwood.
2:31 of 1st period - Shot Blocked by Sheldon Keefe.
3:05 of 1st period - Jeff Woywitka is hit by Henrik Zetterberg.
3:09 of 1st period - Wrist shot by Mats Zuccarello.
3:09 of 1st period - Goal by Mats Zuccarello - Lightning : 1 - Flyers : 1.
3:10 of 1st period - Jeff Carter wins face-off versus Robert Nilsson in neutral zone.
3:21 of 1st period - Snap shot by Jeff Carter.
3:21 of 1st period - Shot Misses the Net.
3:23 of 1st period - Slapshot by Jonathan Ericsson.
3:23 of 1st period - Shot Misses the Net.
3:25 of 1st period - Slapshot by Chris Kreider.
3:25 of 1st period - Deflect By Jeff Carter.
3:25 of 1st period - Shot Blocked by Kris Versteeg.
3:25 of 1st period - Puck is out of play.
3:26 of 1st period - Kyle Wellwood wins face-off versus Jordan Nolan in Lightning zone.
3:53 of 1st period - Wayne Simmonds is hit by Steve Bernier.
4:19 of 1st period - Snap shot by Henrik Zetterberg.
4:19 of 1st period - Stopped by Steve Mason with a rebound.
4:21 of 1st period - Slapshot by Jeff Schultz.
4:21 of 1st period - Shot Blocked by Mats Zuccarello.
4:23 of 1st period - Slapshot by Brent Burns.
4:23 of 1st period - Shot Misses the Net.
4:39 of 1st period - Wrist shot by Matthew Lombardi.
4:39 of 1st period - Stopped by Jaroslav Halak with a rebound.
4:53 of 1st period - Henrik Zetterberg is hit by Nathan Paetsch and loses puck.
5:20 of 1st period - Slapshot by Jeff Carter.
5:20 of 1st period - Stopped by Jaroslav Halak without a rebound.
5:21 of 1st period - Kyle Wellwood wins face-off versus Loui Eriksson in Lightning zone.
5:30 of 1st period - Slapshot by Danny Richmond.
5:30 of 1st period - Shot Misses the Net.
5:32 of 1st period - Wrist shot by Sheldon Keefe.
5:32 of 1st period - Shot Blocked by Jeff Woywitka.
5:34 of 1st period - Slapshot by Danny Richmond.
5:34 of 1st period - Deflect By Sheldon Keefe.
5:34 of 1st period - Shot Misses the Net.
5:34 of 1st period - Puck is out of play.
5:35 of 1st period - Jeff Carter wins face-off versus Robert Nilsson in Flyers zone.
5:45 of 1st period - Minor Penalty to Wayne Simmonds for Slashing.
5:46 of 1st period - Matthew Lombardi wins face-off versus Robert Nilsson in Flyers zone.
5:59 of 1st period - Snap shot by Henrik Zetterberg.
5:59 of 1st period - Shot Misses the Net.
6:01 of 1st period - Slapshot by Brent Burns.
6:01 of 1st period - Goal by Brent Burns - Lightning : 2 - Flyers : 1.
6:02 of 1st period - Robert Nilsson wins face-off versus Jeff Carter in neutral zone.
6:17 of 1st period - Snap shot by Kris Versteeg.
6:17 of 1st period - Goal by Kris Versteeg - Lightning : 3 - Flyers : 1.
6:18 of 1st period - Jeff Carter wins face-off versus Robert Nilsson in neutral zone.
6:21 of 1st period - Snap shot by Chris Kreider.
6:21 of 1st period - Shot Misses the Net.
6:45 of 1st period - Jeff Schultz is hit by Jonathan Ericsson.
6:48 of 1st period - Off-side.
6:49 of 1st period - Pierre-Marc Bouchard wins face-off versus Marcus Kruger in neutral zone.
7:08 of 1st period - Wrist shot by Mats Zuccarello.
7:08 of 1st period - Stopped by Jaroslav Halak without a rebound.
7:09 of 1st period - Robert Nilsson wins face-off versus Kyle Wellwood in Lightning zone.
7:09 of 1st period - Robert Nilsson is hit by Dany Heatley.
7:23 of 1st period - Snap shot by Dany Heatley.
7:23 of 1st period - Deflect By Jakub Voracek.
7:23 of 1st period - Stopped by Jaroslav Halak without a rebound.
7:24 of 1st period - Jordan Nolan wins face-off versus Jeff Carter in Lightning zone.
7:24 of 1st period - Jordan Nolan is hit by Jeff Carter.
7:27 of 1st period - Minor Penalty to Sheldon Keefe for Tripping.
7:28 of 1st period - Jeff Carter wins face-off versus Henrik Zetterberg in Lightning zone.
9:27 of 1st period - Penalty to Sheldon Keefe is over, Sheldon Keefe is back on ice.
9:47 of 1st period - Off-side.
9:48 of 1st period - Pierre-Marc Bouchard wins face-off versus Matthew Lombardi in neutral zone.
9:51 of 1st period - Matthew Lombardi is hit by Steve Bernier and loses puck.
9:58 of 1st period - Snap shot by Steve Bernier.
9:58 of 1st period - Shot Misses the Net.
10:00 of 1st period - Slapshot by Pierre-Marc Bouchard.
10:00 of 1st period - Shot Misses the Net.
10:02 of 1st period - Wrist shot by Justin Schultz.
10:02 of 1st period - Stopped by Steve Mason without a rebound.
10:03 of 1st period - Kyle Wellwood wins face-off versus Robert Nilsson in Flyers zone.
10:03 of 1st period - Kyle Wellwood is hit by Robert Nilsson.
10:08 of 1st period - Off-side.
10:09 of 1st period - Robert Nilsson wins face-off versus Kyle Wellwood in neutral zone.
10:37 of 1st period - Wrist shot by Chris Kreider.
10:37 of 1st period - Goal by Chris Kreider - Lightning : 3 - Flyers : 2.
10:38 of 1st period - Robert Nilsson wins face-off versus Jeff Carter in neutral zone.
10:47 of 1st period - Wrist shot by Kris Versteeg.
10:47 of 1st period - Stopped by Steve Mason with a rebound.
11:02 of 1st period - Icing by Oliver Ekman-Larsson.
11:03 of 1st period - Kyle Wellwood wins face-off versus Pierre-Marc Bouchard in Flyers zone.
11:14 of 1st period - Wrist shot by Jakub Voracek.
11:14 of 1st period - Stopped by Jaroslav Halak with a rebound.
11:16 of 1st period - Backhand shot by Kyle Wellwood.
11:16 of 1st period - Stopped by Jaroslav Halak without a rebound.
11:17 of 1st period - Jeff Carter wins face-off versus Robert Nilsson in Lightning zone.
12:50 of 1st period - Snap shot by Robert Nilsson.
12:50 of 1st period - Shot Misses the Net.
13:16 of 1st period - Wrist shot by Jordan Nolan.
13:16 of 1st period - Deflect By Loui Eriksson.
13:16 of 1st period - Stopped by Steve Mason without a rebound.
13:17 of 1st period - Jeff Carter wins face-off versus Henrik Zetterberg in Flyers zone.
14:12 of 1st period - Slapshot by Jeff Woywitka.
14:12 of 1st period - Shot Misses the Net.
14:58 of 1st period - Snap shot by Dany Heatley.
14:58 of 1st period - Deflect By Kyle Wellwood.
14:58 of 1st period - Shot Misses the Net.
14:58 of 1st period - Puck is out of play.
14:59 of 1st period - Kyle Wellwood wins face-off versus Robert Nilsson in Lightning zone.
15:08 of 1st period - Snap shot by Jakub Voracek.
15:08 of 1st period - Shot Misses the Net.
16:27 of 1st period - Dany Heatley is hit by Steve Bernier and loses puck.
16:53 of 1st period - Icing by Brent Burns.
16:54 of 1st period - Jordan Nolan wins face-off versus Jeff Carter in Lightning zone.
17:08 of 1st period - Off-side.
17:09 of 1st period - Marcus Kruger wins face-off versus Robert Nilsson in neutral zone.
17:22 of 1st period - Danny Richmond is hit by Oliver Ekman-Larsson and loses puck.
17:35 of 1st period - Snap shot by Jeff Carter.
17:35 of 1st period - Stopped by Jaroslav Halak without a rebound.
17:36 of 1st period - Jeff Carter wins face-off versus Pierre-Marc Bouchard in Lightning zone.
17:49 of 1st period - Wrist shot by Chris Kreider.
17:49 of 1st period - Goal by Chris Kreider - Lightning : 3 - Flyers : 3.
17:50 of 1st period - Robert Nilsson wins face-off versus Jeff Carter in neutral zone.
18:57 of 1st period - Nathan Paetsch is hit by Brent Burns and loses puck.
19:02 of 1st period - Wrist shot by Henrik Zetterberg.
19:02 of 1st period - Stopped by Steve Mason with a rebound.
19:04 of 1st period - Snap shot by Brent Burns.
19:04 of 1st period - Deflect By Henrik Zetterberg.
19:04 of 1st period - Stopped by Steve Mason without a rebound.
19:05 of 1st period - Robert Nilsson wins face-off versus Jeff Carter in Flyers zone.
19:06 of 1st period - Snap shot by Henrik Zetterberg.
19:06 of 1st period - Shot Misses the Net.
19:14 of 1st period - Snap shot by Chris Kreider.
19:14 of 1st period - Stopped by Jaroslav Halak without a rebound.
19:15 of 1st period - Robert Nilsson wins face-off versus Jeff Carter in Lightning zone.
19:26 of 1st period - Wrist shot by Chris Kreider.
19:26 of 1st period - Deflect By Jeff Carter.
19:26 of 1st period - Stopped by Jaroslav Halak without a rebound.
19:27 of 1st period - Jeff Carter wins face-off versus Robert Nilsson in Lightning zone.
Goals for this period are 3 for Lightning vs 3 for Flyers.
Shots for this period are 10 for Lightning vs 12 for Flyers.
2nd period
0:01 of 2nd period - Jeff Carter wins face-off versus Robert Nilsson in neutral zone.
0:19 of 2nd period - Minor Penalty to Henrik Zetterberg for Holding.
0:20 of 2nd period - Jeff Carter wins face-off versus Sheldon Keefe in Lightning zone.
0:46 of 2nd period - Jeff Woywitka is hit by Brent Burns.
2:19 of 2nd period - Penalty to Henrik Zetterberg is over, Henrik Zetterberg is back on ice.
2:46 of 2nd period - Oliver Ekman-Larsson is hit by Pierre-Marc Bouchard and loses puck.
2:56 of 2nd period - Minor Penalty to Kris Versteeg for Tripping.
2:57 of 2nd period - Jeff Carter wins face-off versus Henrik Zetterberg in Lightning zone.
3:05 of 2nd period - Slapshot by Chris Kreider.
3:05 of 2nd period - Deflect By Wayne Simmonds.
3:05 of 2nd period - Shot Misses the Net.
3:05 of 2nd period - Puck is out of play.
3:06 of 2nd period - Henrik Zetterberg wins face-off versus Wayne Simmonds in Lightning zone.
3:41 of 2nd period - Snap shot by Jeff Carter.
3:41 of 2nd period - Stopped by Jaroslav Halak without a rebound.
3:42 of 2nd period - Kyle Wellwood wins face-off versus Sheldon Keefe in Lightning zone.
3:45 of 2nd period - Slapshot by Oliver Ekman-Larsson.
3:45 of 2nd period - Stopped by Jaroslav Halak without a rebound.
3:46 of 2nd period - Kyle Wellwood wins face-off versus Sheldon Keefe in Lightning zone.
4:53 of 2nd period - Icing by Chris Kreider.
4:54 of 2nd period - Henrik Zetterberg wins face-off versus Kyle Wellwood in Flyers zone.
4:56 of 2nd period - Penalty to Kris Versteeg is over, Kris Versteeg is back on ice.
5:01 of 2nd period - Kris Versteeg is hit by Kyle Wellwood and loses puck.
5:57 of 2nd period - Henrik Zetterberg is hit by Chris Kreider and loses puck.
6:13 of 2nd period - Icing by Jakub Voracek.
6:14 of 2nd period - Jordan Nolan wins face-off versus Jakub Voracek in Flyers zone.
6:27 of 2nd period - Snap shot by Sheldon Keefe.
6:27 of 2nd period - Stopped by Steve Mason with a rebound.
6:29 of 2nd period - Wrist shot by Sheldon Keefe.
6:29 of 2nd period - Shot Blocked by Matt Smaby.
6:39 of 2nd period - Snap shot by Henrik Zetterberg.
6:39 of 2nd period - Stopped by Steve Mason without a rebound.
6:40 of 2nd period - Henrik Zetterberg wins face-off versus Jeff Carter in Flyers zone.
6:41 of 2nd period - Snap shot by Robert Nilsson.
6:41 of 2nd period - Goal by Robert Nilsson - Lightning : 4 - Flyers : 3.
6:42 of 2nd period - Robert Nilsson wins face-off versus Wayne Simmonds in neutral zone.
6:55 of 2nd period - Snap shot by Henrik Zetterberg.
6:55 of 2nd period - Shot Misses the Net.
6:57 of 2nd period - Snap shot by Henrik Zetterberg.
6:57 of 2nd period - Shot Blocked by Wayne Simmonds.
6:59 of 2nd period - Snap shot by Jeff Schultz.
6:59 of 2nd period - Stopped by Steve Mason with a rebound.
7:09 of 2nd period - Steve Bernier is hit by Dany Heatley and loses puck.
7:14 of 2nd period - Slapshot by Jakub Voracek.
7:14 of 2nd period - Shot Hit the Post.
7:22 of 2nd period - Slapshot by Kyle Wellwood.
7:22 of 2nd period - Goal by Kyle Wellwood - Lightning : 4 - Flyers : 4.
7:23 of 2nd period - Robert Nilsson wins face-off versus Jeff Carter in neutral zone.
7:30 of 2nd period - Snap shot by Henrik Zetterberg.
7:30 of 2nd period - Shot Misses the Net.
7:32 of 2nd period - Snap shot by Kris Versteeg.
7:32 of 2nd period - Goal by Kris Versteeg - Lightning : 5 - Flyers : 4.
7:33 of 2nd period - Wayne Simmonds wins face-off versus Robert Nilsson in neutral zone.
7:47 of 2nd period - Off-side.
7:48 of 2nd period - Daniel Carcillo wins face-off versus Dany Heatley in neutral zone.
7:55 of 2nd period - Wrist shot by Daniel Carcillo.
7:55 of 2nd period - Shot Misses the Net.
7:57 of 2nd period - Slapshot by Brent Burns.
7:57 of 2nd period - Shot Misses the Net.
7:59 of 2nd period - Wrist shot by Daniel Carcillo.
7:59 of 2nd period - Stopped by Steve Mason without a rebound.
8:00 of 2nd period - Jeff Carter wins face-off versus Robert Nilsson in Flyers zone.
8:56 of 2nd period - Drew Miller is hit by Sheldon Keefe and loses puck.
9:16 of 2nd period - Wrist shot by Henrik Zetterberg.
9:16 of 2nd period - Shot Blocked by Oliver Ekman-Larsson.
9:18 of 2nd period - Snap shot by Pierre-Luc Létourneau.
9:18 of 2nd period - Shot Misses the Net.
9:20 of 2nd period - Slapshot by Justin Schultz.
9:20 of 2nd period - Stopped by Steve Mason with a rebound.
10:16 of 2nd period - John Carlson is hit by Mats Zuccarello and loses puck.
10:39 of 2nd period - Slapshot by Reilly Smith.
10:39 of 2nd period - Shot Blocked by Jeff Woywitka.
10:49 of 2nd period - Sheldon Keefe is hit by Chris Kreider and loses puck.
10:56 of 2nd period - Jeff Carter is hit by Sheldon Keefe and loses puck.
11:04 of 2nd period - Icing by Jonathan Ericsson.
11:05 of 2nd period - Kris Versteeg wins face-off versus Kyle Wellwood in Flyers zone.
11:08 of 2nd period - Wrist shot by Robert Nilsson.
11:08 of 2nd period - Stopped by Steve Mason with a rebound.
11:14 of 2nd period - Wrist shot by Henrik Zetterberg.
11:14 of 2nd period - Stopped by Steve Mason with a rebound.
12:27 of 2nd period - Snap shot by Dany Heatley.
12:27 of 2nd period - Stopped by Jaroslav Halak without a rebound.
12:28 of 2nd period - Jakub Voracek wins face-off versus Jordan Nolan in Lightning zone.
12:31 of 2nd period - Snap shot by Kyle Wellwood.
12:31 of 2nd period - Shot Misses the Net.
12:53 of 2nd period - Pierre-Marc Bouchard is hit by Chris Kreider and loses puck.
13:18 of 2nd period - Marcus Kruger is hit by Robert Nilsson and loses puck.
13:37 of 2nd period - Matthew Lombardi is hit by Sheldon Keefe and loses puck.
13:42 of 2nd period - Wrist shot by Jordan Nolan.
13:42 of 2nd period - Stopped by Steve Mason with a rebound.
13:44 of 2nd period - Slapshot by Sheldon Keefe.
13:44 of 2nd period - Stopped by Steve Mason without a rebound.
13:45 of 2nd period - Jeff Carter wins face-off versus Pierre-Marc Bouchard in Flyers zone.
14:14 of 2nd period - Snap shot by Kyle Wellwood.
14:14 of 2nd period - Shot Misses the Net.
14:46 of 2nd period - Wrist shot by Marcus Kruger.
14:46 of 2nd period - Stopped by Jaroslav Halak with a rebound.
15:05 of 2nd period - Wrist shot by Alexei Morozov.
15:05 of 2nd period - Shot Blocked by Danny Richmond.
15:07 of 2nd period - Slapshot by Oliver Ekman-Larsson.
15:07 of 2nd period - Stopped by Jaroslav Halak without a rebound.
15:08 of 2nd period - Pierre-Marc Bouchard wins face-off versus Jeff Carter in Lightning zone.
15:19 of 2nd period - Slapshot by John Carlson.
15:19 of 2nd period - Deflect By Steve Bernier.
15:19 of 2nd period - Stopped by Steve Mason with a rebound.
15:33 of 2nd period - Danny Richmond is hit by Kyle Wellwood and loses puck.
15:57 of 2nd period - Wrist shot by Marcus Kruger.
15:57 of 2nd period - Stopped by Jaroslav Halak without a rebound.
15:58 of 2nd period - Mats Zuccarello wins face-off versus Robert Nilsson in Lightning zone.
15:58 of 2nd period - Mats Zuccarello is hit by Jeff Schultz.
16:24 of 2nd period - Pierre-Marc Bouchard is hit by Oliver Ekman-Larsson.
16:50 of 2nd period - Wrist shot by Jordan Nolan.
16:50 of 2nd period - Stopped by Steve Mason with a rebound.
16:52 of 2nd period - Wrist shot by Sheldon Keefe.
16:52 of 2nd period - Stopped by Steve Mason with a rebound.
16:54 of 2nd period - Wrist shot by Justin Schultz.
16:54 of 2nd period - Stopped by Steve Mason without a rebound.
16:55 of 2nd period - Robert Nilsson wins face-off versus Jeff Carter in Flyers zone.
17:49 of 2nd period - Minor Penalty to Sheldon Keefe for Roughing.
17:50 of 2nd period - Jeff Carter wins face-off versus Henrik Zetterberg in Lightning zone.
18:30 of 2nd period - John Carlson is hit by Kyle Wellwood and loses puck.
19:24 of 2nd period - Icing by Jeff Woywitka.
19:25 of 2nd period - Kyle Wellwood wins face-off versus Jordan Nolan in Flyers zone.
19:49 of 2nd period - Penalty to Sheldon Keefe is over, Sheldon Keefe is back on ice.
Goals for this period are 2 for Lightning vs 1 for Flyers.
Shots for this period are 15 for Lightning vs 7 for Flyers.
3rd period
0:01 of 3rd period - Jeff Carter wins face-off versus Robert Nilsson in neutral zone.
0:08 of 3rd period - Slapshot by Chris Kreider.
0:08 of 3rd period - Stopped by Jaroslav Halak with a rebound.
0:26 of 3rd period - Kyle Wellwood is hit by Daniel Carcillo.
0:54 of 3rd period - John Carlson is hit by Oliver Ekman-Larsson and loses puck.
1:01 of 3rd period - Mats Zuccarello is hit by Sheldon Keefe and loses puck.
1:12 of 3rd period - Wrist shot by Jeff Carter.
1:12 of 3rd period - Stopped by Jaroslav Halak with a rebound.
1:14 of 3rd period - Slapshot by Stephane Robidas.
1:14 of 3rd period - Shot Blocked by Justin Schultz.
1:16 of 3rd period - Wrist shot by Wayne Simmonds.
1:16 of 3rd period - Stopped by Jaroslav Halak with a rebound.
1:18 of 3rd period - Slapshot by Chris Kreider.
1:18 of 3rd period - Shot Misses the Net.
1:20 of 3rd period - Snap shot by Wayne Simmonds.
1:20 of 3rd period - Stopped by Jaroslav Halak with a rebound.
1:34 of 3rd period - Rostislav Olesz is hit by Justin Schultz and loses puck.
1:55 of 3rd period - Kris Versteeg is hit by Dany Heatley and loses puck.
2:04 of 3rd period - Double Minor Penalty to Jakub Voracek for Roughing.
2:05 of 3rd period - Kris Versteeg wins face-off versus Matthew Lombardi in Flyers zone.
2:28 of 3rd period - Oliver Ekman-Larsson is hit by Henrik Zetterberg.
2:46 of 3rd period - Slapshot by John Carlson.
2:46 of 3rd period - Shot Misses the Net.
2:48 of 3rd period - Wrist shot by Daniel Carcillo.
2:48 of 3rd period - Shot Blocked by Oliver Ekman-Larsson.
2:50 of 3rd period - Slapshot by Danny Richmond.
2:50 of 3rd period - Stopped by Steve Mason with a rebound.
3:03 of 3rd period - Icing by Daniel Carcillo.
3:04 of 3rd period - Matthew Lombardi wins face-off versus Pierre-Marc Bouchard in Lightning zone.
3:57 of 3rd period - Slapshot by Jeff Schultz.
3:57 of 3rd period - Shot Misses the Net.
3:59 of 3rd period - Wrist shot by Daniel Carcillo.
3:59 of 3rd period - Shot Blocked by Wayne Simmonds.
4:01 of 3rd period - Slapshot by Jeff Schultz.
4:01 of 3rd period - Deflect By Daniel Carcillo.
4:01 of 3rd period - Shot Misses the Net.
4:01 of 3rd period - Puck is out of play.
4:02 of 3rd period - Matthew Lombardi wins face-off versus Robert Nilsson in Flyers zone.
4:11 of 3rd period - Slapshot by Henrik Zetterberg.
4:11 of 3rd period - Stopped by Steve Mason without a rebound.
4:12 of 3rd period - Matthew Lombardi wins face-off versus Robert Nilsson in Flyers zone.
4:12 of 3rd period - Matthew Lombardi is hit by Henrik Zetterberg.
4:18 of 3rd period - Minor Penalty to John Carlson for Interference.
4:19 of 3rd period - Jeff Carter wins face-off versus Henrik Zetterberg in Lightning zone.
5:15 of 3rd period - Snap shot by Jordan Nolan.
5:15 of 3rd period - Stopped by Steve Mason without a rebound.
5:16 of 3rd period - Henrik Zetterberg wins face-off versus Jeff Carter in Flyers zone.
5:31 of 3rd period - Andy Rogers is hit by Jeff Carter and loses puck.
5:42 of 3rd period - Andy Rogers is hit by Kyle Wellwood.
6:04 of 3rd period - Penalty to Jakub Voracek is over, Jakub Voracek is back on ice.
6:18 of 3rd period - Penalty to John Carlson is over, John Carlson is back on ice.
6:55 of 3rd period - Nathan Paetsch is hit by Danny Richmond and loses puck.
7:27 of 3rd period - Daniel Carcillo is hit by Drew Miller and loses puck.
7:40 of 3rd period - Snap shot by Jeff Carter.
7:40 of 3rd period - Goal by Jeff Carter - Lightning : 5 - Flyers : 5.
7:41 of 3rd period - Robert Nilsson wins face-off versus Jeff Carter in neutral zone.
7:43 of 3rd period - Off-side.
7:44 of 3rd period - Jeff Carter wins face-off versus Robert Nilsson in neutral zone.
7:51 of 3rd period - Off-side.
7:52 of 3rd period - Wayne Simmonds wins face-off versus Henrik Zetterberg in neutral zone.
9:28 of 3rd period - John Carlson is hit by Stephane Robidas and loses puck.
9:35 of 3rd period - Snap shot by Rostislav Olesz.
9:35 of 3rd period - Stopped by Jaroslav Halak with a rebound.
9:37 of 3rd period - Snap shot by Rostislav Olesz.
9:37 of 3rd period - Shot Misses the Net.
9:39 of 3rd period - Wrist shot by Matthew Lombardi.
9:39 of 3rd period - Deflect By Henrik Zetterberg.
9:39 of 3rd period - Goal by Matthew Lombardi - Lightning : 5 - Flyers : 6.
9:40 of 3rd period - Pierre-Marc Bouchard wins face-off versus Jeff Carter in neutral zone.
9:53 of 3rd period - Wrist shot by Jeff Carter.
9:53 of 3rd period - Shot Misses the Net.
9:55 of 3rd period - Slapshot by Chris Kreider.
9:55 of 3rd period - Shot Blocked by John Carlson.
10:05 of 3rd period - Jakub Voracek is hit by Kris Versteeg.
10:13 of 3rd period - Slapshot by Kris Versteeg.
10:13 of 3rd period - Shot Misses the Net.
11:03 of 3rd period - Reilly Smith is hit by Rostislav Olesz and loses puck.
11:10 of 3rd period - Slapshot by Alexei Morozov.
11:10 of 3rd period - Stopped by Jaroslav Halak with a rebound.
11:12 of 3rd period - Slapshot by Matt Smaby.
11:12 of 3rd period - Stopped by Jaroslav Halak without a rebound.
11:13 of 3rd period - Jeff Carter wins face-off versus Pierre-Marc Bouchard in Lightning zone.
11:14 of 3rd period - Wrist shot by Chris Kreider.
11:14 of 3rd period - Stopped by Jaroslav Halak with a rebound.
12:07 of 3rd period - Sheldon Keefe is hit by Jeff Woywitka and loses puck.
12:22 of 3rd period - Snap shot by Matthew Lombardi.
12:22 of 3rd period - Deflect By Alexei Morozov.
12:22 of 3rd period - Shot Misses the Net.
12:22 of 3rd period - Puck is out of play.
12:23 of 3rd period - Matthew Lombardi wins face-off versus Robert Nilsson in Lightning zone.
12:50 of 3rd period - Chris Kreider is hit by Pierre-Marc Bouchard and loses puck.
13:07 of 3rd period - Wrist shot by Steve Bernier.
13:07 of 3rd period - Stopped by Steve Mason without a rebound.
13:08 of 3rd period - Kyle Wellwood wins face-off versus Jordan Nolan in Flyers zone.
13:08 of 3rd period - Kyle Wellwood is hit by Sheldon Keefe.
13:23 of 3rd period - Off-side.
13:24 of 3rd period - Robert Nilsson wins face-off versus Chris Kreider in neutral zone.
13:36 of 3rd period - Slapshot by Chris Kreider.
13:36 of 3rd period - Stopped by Jaroslav Halak without a rebound.
13:37 of 3rd period - Robert Nilsson wins face-off versus Jeff Carter in Lightning zone.
13:45 of 3rd period - Off-side.
13:46 of 3rd period - Kris Versteeg wins face-off versus Jeff Carter in neutral zone.
13:51 of 3rd period - Snap shot by Kris Versteeg.
13:51 of 3rd period - Shot Blocked by Jeff Woywitka.
13:53 of 3rd period - Snap shot by Kris Versteeg.
13:53 of 3rd period - Stopped by Steve Mason without a rebound.
13:54 of 3rd period - Jeff Carter wins face-off versus Robert Nilsson in Flyers zone.
13:59 of 3rd period - Wrist shot by Chris Kreider.
13:59 of 3rd period - Stopped by Jaroslav Halak with a rebound.
14:21 of 3rd period - Jakub Voracek is hit by Brent Burns and loses puck.
14:28 of 3rd period - Wrist shot by Steve Bernier.
14:28 of 3rd period - Stopped by Steve Mason with a rebound.
14:32 of 3rd period - Snap shot by Steve Bernier.
14:32 of 3rd period - Shot Blocked by Kyle Wellwood.
15:08 of 3rd period - Off-side.
15:09 of 3rd period - Marcus Kruger wins face-off versus Pierre-Marc Bouchard in neutral zone.
15:20 of 3rd period - Wrist shot by Mats Zuccarello.
15:20 of 3rd period - Stopped by Jaroslav Halak without a rebound.
15:21 of 3rd period - Robert Nilsson wins face-off versus Marcus Kruger in Lightning zone.
15:34 of 3rd period - Slapshot by Mats Zuccarello.
15:34 of 3rd period - Stopped by Jaroslav Halak with a rebound.
15:36 of 3rd period - Snap shot by Marcus Kruger.
15:36 of 3rd period - Stopped by Jaroslav Halak with a rebound.
15:38 of 3rd period - Slapshot by Oliver Ekman-Larsson.
15:38 of 3rd period - Stopped by Jaroslav Halak with a rebound.
15:52 of 3rd period - Snap shot by Chris Kreider.
15:52 of 3rd period - Shot Misses the Net.
16:12 of 3rd period - Snap shot by Jakub Voracek.
16:12 of 3rd period - Deflect By Dany Heatley.
16:12 of 3rd period - Stopped by Jaroslav Halak without a rebound.
16:13 of 3rd period - Pierre-Marc Bouchard wins face-off versus Marcus Kruger in Lightning zone.
16:24 of 3rd period - Wrist shot by Pierre-Marc Bouchard.
16:24 of 3rd period - Shot Misses the Net.
16:26 of 3rd period - Snap shot by Pierre-Marc Bouchard.
16:26 of 3rd period - Stopped by Steve Mason with a rebound.
16:28 of 3rd period - Wrist shot by Steve Bernier.
16:28 of 3rd period - Shot Blocked by Nathan Paetsch.
17:14 of 3rd period - Snap shot by Daniel Carcillo.
17:14 of 3rd period - Shot Misses the Net.
17:16 of 3rd period - Slapshot by Steve Bernier.
17:16 of 3rd period - Shot Misses the Net.
17:18 of 3rd period - Slapshot by Justin Schultz.
17:18 of 3rd period - Stopped by Steve Mason with a rebound.
17:20 of 3rd period - Slapshot by Justin Schultz.
17:20 of 3rd period - Stopped by Steve Mason without a rebound.
17:21 of 3rd period - Henrik Zetterberg wins face-off versus Jeff Carter in Flyers zone.
18:45 of 3rd period - Lightning , Jaroslav Halak is pulled from the net.
19:52 of 3rd period - Snap shot by Henrik Zetterberg.
19:52 of 3rd period - Stopped by Steve Mason without a rebound.
19:53 of 3rd period - Mike Babcock call a timeout for Lightning .
19:53 of 3rd period - Matthew Lombardi wins face-off versus Robert Nilsson in Flyers zone.
Goals for this period are 0 for Lightning vs 2 for Flyers.
Shots for this period are 10 for Lightning vs 17 for Flyers.
Back to the Top